 Dungeon Crawl Stone Soup version bcrawl-1.19.2-6-g6a88ae04c9 (webtiles) character file.

Game seed: 17901333353856696978

67 Mrkan the Shield-Bearer (level 3, -2/33 HPs)
             Began as a Minotaur Fighter on Jan 14, 2020.
             Slain by Ijyb
             ... wielding a +1 dagger of chaos
              (3 damage)
             ... on level 3 of the Dungeon.
             The game lasted 00:02:00 (1758 turns).

Mrkan the Shield-Bearer (Minotaur Fighter)          Turns: 1758, Time: 00:02:01

Health: -2/33      AC: 10    Str: 20    XL:     3   Next: 98%
Magic:  2/2        EV:  5    Int:  5    God:
Gold:   96         SH: 10    Dex: 10    Spells: 2/2 levels left

rFire    . . .     SeeInvis .   a - +0 long sword
rCold    . . .     Gourm    .   c - +0 shield
rNeg     . . .     Faith    .   r - +0 chain mail
rPois    .         Spirit   .   (helmet restricted)
rElec    .         Reflect  .   q - +0 cloak
rCorr    .         Harm     .   (no gloves)
MR       .....                  (no boots)
Stlth    ..........             (no amulet)
HPRegen  0.11/turn              (no ring)
MPRegen  0.08/turn              (no ring)

@: hasted, very quick
A: retaliatory headbutt, horns 2
a: no special abilities


You were on level 3 of the Dungeon.
You were not hungry.

You visited 1 branch of the dungeon, and saw 3 of its levels.

You collected 96 gold pieces.

Inventory:

Hand Weapons
 a - a +0 long sword (weapon)
Armour
 c - a +0 shield (worn)
 q - a +0 cloak (worn)
 r - a +0 chain mail (worn)
Jewellery
 b - an uncursed ring of positive energy {unknown}
 m - an uncursed ring of protection from cold {unknown}
 n - an uncursed ring of resist corrosion {unknown}
Scrolls
 e - a scroll of fear {unknown}
 g - a scroll of remove curse {unknown}
 h - a scroll of blinking {unknown}
 i - 2 scrolls of identify {unknown}
 k - a scroll of fog {unknown}
 o - a scroll of immolation {unknown}
Potions
 d - a potion of might
 j - a potion of degeneration {unknown}
 l - a potion of curing {unknown}
 p - a potion of agility {unknown}
Comestibles
 f - 3 rations {!d}


   Skills:
 + Level 4.1 Fighting
 * Level 3.8 Long Blades
 + Level 4.1 Armour
 + Level 4.2 Shields


You had 2 spell levels left.
You didn't know any spells.
Your spell library was empty.

Dungeon Overview and Level Annotations

Branches:
Dungeon (3/12)

Altars:

Annotations:
D:3 Ijyb


Innate Abilities, Weirdness & Mutations

You reflexively headbutt those who attack you in melee.
You have a pair of horns on your head.


Message History

You block Ijyb's attack.
Items here: ( )) † a +0 hunting sling; 118 stones; a +0 club; a goblin corpse Your chain mail prevents you from hitting Ijyb.
Ijyb is severely wounded.
You block Ijyb's attack.
You barely miss Ijyb. Your headbutt misses Ijyb.
Ijyb is severely wounded.
Ijyb hits you but does no damage.
You are electrocuted!
* * * LOW HITPOINT WARNING * * *
You hit Ijyb but do no damage. You headbutt Ijyb.
Ijyb is severely wounded.
You block Ijyb's attack.
You closely miss Ijyb.
Ijyb is severely wounded.
Ijyb hits you but does no damage.
You feel yourself speed up.
You closely miss Ijyb.
Ijyb is severely wounded.
Ijyb hits you with a +1 dagger of chaos.
You die...

# #.?.....# ##.
#8.....8#
#...#.......#
#.....).....#
#...##.######
#####..###
#.######......##
...........(...+
#.######@.<.#.##
#g#..#.#
#)#.##)#
#.#.##.#
#.#.##.#
#......#
###.#### .# #


You could see Ijyb.

Vanquished Creatures
  An ooze (D:1)
  A worm (D:2)
  4 dart slugs
  A leopard gecko (D:2)
  6 bats
  A giant cockroach (D:2)
  11 goblins
  8 hobgoblins
  A quokka (D:2)
  A ball python (D:2)
  3 frilled lizards
  7 kobolds
  3 rats
48 creatures vanquished.

Notes
Turn   | Place    | Note
-------+----------+-------------------------------------------
     0 | D:1      | Mrkan the Minotaur Fighter began the quest for the Orb.
     0 | D:1      | Reached XP level 1. HP: 19/19 MP: 0/0
    89 | D:1      | Reached XP level 2. HP: 27/27 MP: 1/1
   641 | D:2      | Reached XP level 3. HP: 33/33 MP: 2/2
  1684 | D:3      | Noticed Ijyb
  1755 | D:3      | HP: 1/33 [Ijyb/+1 dagger of chaos (15)]
  1758 | D:3      | Slain by Ijyb

Skill      XL: |  1  2  3 |
---------------+----------+-----
Long Blades    | 3 |  3.8
Shields        | 4 |  4.2
Fighting       | 4 |  4.1
Armour         | 4 |  4.1

Action                   || total
-------------------------++-------
Melee: Long sword        ||   111
       Headbutt          ||    23
       Unarmed           ||    28
  Eat: Chunk             ||     3
Armor: Scale mail        ||    46
       Chain mail        ||    12
       Skin              ||     4
Dodge: Dodged            ||    52
Block: Shield            ||    65
